 Dungeon Crawl Stone Soup version 0.31-a0-1074-g0b22e4e0f1 (webtiles) character file.

Game seed: 8187959106098668667

730 Dirtsage the Carver (level 7, -2/52 HPs)
             Began as a Demonspawn Monk on Nov 26, 2023.
             Was a Believer of Wu Jian.
             Slain by a gnoll
             ... wielding a +0 halberd
             ... led by a gnoll bouda
              (10 damage)
             ... on level 5 of the Dungeon.
             The game lasted 00:07:27 (3599 turns).

Dirtsage the Carver (Demonspawn Monk)               Turns: 3599, Time: 00:07:27

Health: -2/52      AC:  5    Str: 16    XL:     7   Next: 44%
Magic:  7/7        EV: 11    Int: 10    God:    Wu Jian [**....]
Gold:   212        SH:  0    Dex: 16    Spells: 6/6 levels left

rFire   . . .        a - +0 falchion
rCold   . . .        d - orb {light}
rNeg    . . .        r - +0 ring mail
rPois   +            (helmet restricted)
rElec   .            (cloak unavailable)
rCorr   .            (no gloves)
SInv    .            (no boots)
Will    .....        (no amulet)
Stlth   +            (no ring)
HPRegen 0.28/turn    (no ring)
MPRegen 0.10/turn

%: no passive effects
@: glowing
A: weakness stinger 3, horns 1, sense surroundings 1, poison resistance, strong
1
a: Renounce Religion, Wall Jump


You were on level 5 of the Dungeon.
You worshipped Wu Jian.
Wu Jian was pleased with you.
You visited 2 branches of the dungeon, and saw 6 of its levels.

You collected 212 gold pieces.

Inventory:

Hand Weapons
 a - a +0 falchion (weapon)
Missiles
 p - a throwing net
Armour
 b - a +0 robe
 c - a +2 robe
 d - an orb of light (worn)
 r - a +0 ring mail (worn)
Wands
 s - a wand of roots (12)
Scrolls
 f - 2 scrolls of amnesia {unknown}
 g - a scroll of poison {unknown}
 h - a scroll of identify {unknown}
 j - 4 scrolls of immolation {unknown}
 k - 2 scrolls of vulnerability {unknown}
 l - a scroll of butterflies {unknown}
 m - a scroll of teleportation {unknown}
 t - a scroll of revelation {unknown}
 u - a scroll of fear {unknown}
Potions
 e - a potion of enlightenment {unknown}
 i - 3 potions of mutation
 n - 2 potions of heal wounds {unknown}
 o - a potion of degeneration {unknown}
 q - 2 potions of curing
 v - a potion of berserk rage {unknown}
 w - 2 potions of attraction
 x - a potion of haste {unknown}


   Skills:
 - Level 3.0 Fighting
 + Level 8.1 Long Blades
 - Level 2.6 Dodging


You had 6 spell levels left.
You didn't know any spells.
Your spell library contained the following spells:

 Spells                   Type           Power      Damage    Failure   Level
 Ensorcelled Hibernation  Hex/Ice        0%         N/A       73%         2
 Jinxbite                 Hex            0%         N/A       73%         2
 Summon Guardian Golem    Hex/Summ       0%         N/A       91%         3
 Tukima's Dance           Hex            0%         N/A       91%         3
 Anguish                  Hex/Necr       0%         N/A       100%        4
 Passage of Golubria      Tloc           0%         N/A       100%        4
 Yara's Violent Unravell  Hex/Tmut       0%         3d3       100%        5
 Orb of Destruction       Conj           0%         9d5       100%        7
 Spellforged Servitor     Conj/Summ      0%         N/A       100%        7


Dungeon Overview and Level Annotations

Branches:
Dungeon (5/15)             Temple (1/1) D:4

Altars:
Ashenzari
Cheibriados
Dithmenos
Fedhas
Gozag
Hepliaklqana
Kikubaaqudgha
Okawaru
Qazlal
Ru
Sif Muna
Vehumet
Wu Jian
Xom
Yredelemnul

Shops:
D:4 **


Innate Abilities, Weirdness & Mutations

You have a sharp stinger which inflicts weakening toxins.
You have a pair of small horns on your head.
You passively map a small area around you.
Your system is resistant to poisons. (rPois)
Your muscles are strong. (Str +4, Int/Dex -1)


Message History

The gnoll closely misses you. The adder attacks as it pursues you!
The adder bites you. The adder bites you but does no damage.
You hit the adder but do no damage.
Your tail-slap misses the adder.
The adder is severely wounded.
The adder bites you but does no damage.
The gnoll hits you from afar with a +0 halberd!
You take 10 damage, and have 33/52 hp.
You barely miss the adder. You tail-slap the adder.
You kill the adder!
The Council accepts your kill.
You lunge at the gnoll bouda.
You completely miss the gnoll bouda. You tail-slap the gnoll bouda.
The gnoll bouda looks weaker.
The gnoll bouda is lightly wounded.
The gnoll hits you from afar with a +0 halberd!
You take 8 damage, and have 25/52 hp.
You slash the gnoll bouda! You headbutt the gnoll bouda.
Your tail-slap misses the gnoll bouda.
The gnoll bouda is severely wounded.
The gnoll hits you from afar with a +0 halberd.
The gnoll bouda hits you with a +0 club.
You take 6 damage, and have 19/52 hp.
You barely miss the gnoll bouda.
The gnoll bouda is severely wounded.
The gnoll hits you from afar with a +0 halberd!
* * * LOW HITPOINT WARNING * * *
The gnoll bouda utters an invocation to its god.
The gnoll bouda is healed somewhat.
You take 12 damage, and have 7/52 hp.
MASSIVE DAMAGE!!
You hit the gnoll bouda.
The gnoll bouda is severely wounded.
The gnoll hits you but does no damage.
The gnoll bouda hits you but does no damage.
You hit the gnoll bouda but do no damage.
The gnoll bouda is severely wounded.
The gnoll barely misses you. The gnoll bouda closely misses you.
You hit the gnoll bouda.
The gnoll bouda is severely wounded.
The gnoll hits you from afar with a +0 halberd!
You die...

#.# * * #.#
***, #.# , #.#
* * * * , #.#
,*
########.####
,,
#...........#
*#.###########
*#@# , , ,*#g#
#g# * *#g# *
......gS...# *
,.g....#.##.#
, ....g.#.#*,#
, .g.S. #.#
.....,#.# *


You could see a gnoll bouda (weak), 3 gnolls and an adder.

Vanquished Creatures
  Sigmund (D:2)
  A black bear (D:4)
  2 ogres (D:4)
  A hound (D:4)
  Terence (D:3)
  Jessica (D:3)
  Ijyb (D:3)
  Robin (D:3)
  4 gnolls
  3 adders
  2 worms
  2 dart slugs (D:1)
  5 orcs (D:4)
  8 bats
  8 endoplasms
  4 giant cockroaches
  17 goblins
  5 hobgoblins
  9 jackals
  5 quokkas
  8 ball pythons
  2 frilled lizards
  9 kobolds
  7 rats
107 creatures vanquished.

Notes
Turn   | Place    | Note
-------+----------+-------------------------------------------
     0 | D:1      | Dirtsage the Demonspawn Monk began the quest for the Orb.
     0 | D:1      | Reached XP level 1. HP: 18/18 MP: 1/1
    34 | D:1      | Reached skill level 3 in Long Blades
    96 | D:1      | Gained mutation: You have a small tail. [demonic ancestry]
    96 | D:1      | Reached XP level 2. HP: 20/24 MP: 2/2
   153 | D:1      | HP: 1/24 [goblin/+0 dagger (2)]
   469 | D:1      | Gained mutation: You have a tail ending in a sharp stinger.
                  | [demonic ancestry]
   469 | D:1      | Reached XP level 3. HP: 28/29 MP: 3/3
   575 | D:1      | Reached skill level 4 in Long Blades
   981 | D:2      | Reached XP level 4. HP: 22/35 MP: 4/4
  1081 | D:2      | Noticed Sigmund
  1122 | D:2      | Gained mutation: You passively map a small area around you.
                  | [potion of mutation]
  1122 | D:2      | Gained mutation: You have hidden genetic potential. [potion
                  | of mutation]
  1122 | D:2      | Gained mutation: Your system is resistant to poisons.
                  | (rPois) [potion of mutation]
  1125 | D:2      | Killed Sigmund
  1126 | D:2      | Reached skill level 6 in Long Blades
  1126 | D:2      | Reached XP level 5. HP: 20/41 MP: 5/5
  1126 | D:2      | Gained mutation: You have a pair of small horns on your
                  | head. [hidden potential]
  1619 | D:2      | Gained mutation: You have a sharp stinger which inflicts
                  | weakening toxins. [demonic ancestry]
  1619 | D:2      | Reached XP level 6. HP: 38/47 MP: 6/6
  1905 | D:3      | Noticed Robin
  1924 | D:3      | Killed Robin
  2066 | D:3      | Found a shimmering altar of Xom.
  2067 | D:3      | Found a shimmering altar of Xom.
  2068 | D:3      | Found a shimmering altar of Xom.
  2069 | D:3      | Found a shimmering altar of Xom.
  2100 | D:3      | Noticed Terence
  2105 | D:3      | Noticed Jessica
  2119 | D:3      | Killed Terence
  2120 | D:3      | Killed Jessica
  2227 | D:3      | Gained mutation: Your muscles are strong. (Str +4, Int/Dex
                  | -1) [hidden potential]
  2227 | D:3      | Lost mutation: You have hidden genetic potential. [hidden
                  | potential expressed]
  2271 | D:3      | Noticed Ijyb
  2289 | D:3      | Killed Ijyb
  2782 | D:4      | Reached skill level 7 in Long Blades
  2861 | D:4      | Found a blossoming altar of Fedhas.
  2864 | D:4      | Found an iron altar of Okawaru.
  2868 | D:4      | Found an ornate altar of the Wu Jian Council.
  2873 | D:4      | Reached XP level 7. HP: 49/52 MP: 7/7
  2876 | D:4      | Became a worshipper of the Wu Jian Council
  2876 | D:4      | Reached * piety under Wu Jian
  2876 | D:4      | Reached ** piety under Wu Jian
  2947 | D:4      | Found a staircase to the Ecumenical Temple.
  2961 | Temple   | Entered the Ecumenical Temple
  2987 | D:4      | Found a sacrificial altar of Ru.
  3264 | D:4      | Reached skill level 8 in Long Blades
  3391 | D:4      | Found Liogui's Elemental Accessories.
  3492 | D:4      | Found Jineg's Lightly-Used Armoury.
  3510 | D:4      | Found a hazy altar of Hepliaklqana.
  3561 | D:5      | Entered Level 5 of the Dungeon
  3599 | D:5      | Slain by a gnoll

Illustrated notes

Levels and vault maps discovered:
D:1:      dpeg_arrival_boxorama, layout_rooms
D:2:      layout_rooms, minivault_11, minmay_quadrilaterals, uniq_sigmund
D:3:      layout_basic, xom_redecorated, uniq_ijyb, uniq_jessica, uniq_terence,
          uniq_robin
D:4:      layout_cave_pods, general_overflow_altar,
          grunt_temple_overflow_diamond, mainiacjoe_overflow_cross_hatched,
          temple_statues, minmay_shop_damaged, dk_vineyard_2,
          nicolae_elemental_shop, amcnicky_mini_pool_small,
          serial_library_hellmonk_reading_circle, chequers_serial_rivers_large_b
D:5:      layout_basic, serial_bayou_pond_a
Temple:   minmay_temple_forest_path

Skill      XL: |  1  2  3  4  5  6  7 |
---------------+----------------------+-----
Long Blades    | 3 4 6 7 8 |  8.1
Fighting       | |  3.0
Dodging        | |  2.6

Action                     |  1- 3 |  4- 6 |  7- 9 || total
---------------------------+-------+-------+-------++-------
  Melee: Falchion          |    85 |   134 |    44 ||   263
         Tailslap          |    14 |    19 |     7 ||    40
         Headbutt          |       |    24 |     5 ||    29
  Throw: Throwing net      |       |     1 |       ||     1
Ability: Lunge             |       |       |     5 ||     5
         Whirlwind         |       |       |     3 ||     3
    Use: Potion            |       |     4 |       ||     4
 Armour: Robe              |    43 |    46 |       ||    89
         Ring mail         |       |    25 |    28 ||    53
  Dodge: Dodged            |    50 |    81 |    15 ||   146

Table legend: (Time is in decaauts)
 A = Elapsed time spent in this place.
 B = Non-inter-level travel time spent in this place.
 C = Inter-level travel time spent in this place.
 D = Time resting spent in this place.
 E = Time spent auto-exploring this place.
 F = Levels seen in this place.
 G = Mean time per level.
                   A        B        C        D        E       F      G
               +--------+--------+--------+--------+--------+-----+--------+
         Total |   3632 |   3551 |     81 |     33 |   2835 |   6 |  605.3 |
       Dungeon |   3630 |   3549 |     81 |     33 |   2835 |   5 |  726.0 |
        Temple |      1 |      1 |      0 |      0 |      0 |   1 |    1.0 |
               +--------+--------+--------+--------+--------+-----+--------+

Top non-repeatable levels by time:
     D:4: 1035 daAuts
     D:2: 925 daAuts
     D:3: 857 daAuts
     D:1: 775 daAuts
     D:5: 37 daAuts
  Temple: 1 daAuts
